Map: Dusty Gorge

Players

Massa - Winner!

  • Race: Terran Terran
  • League: Gold
  • Spawn Location: 5:00

qqq - Winner!

  • Race: Protoss Protoss
  • League: Platinum
  • Spawn Location: 3:00

HalfAuster

  • Race: Protoss Protoss
  • Spawn Location: 11:00

Orcoz

  • Race: Protoss Protoss
  • League: Platinum
  • Spawn Location: 9:00

VOD

Have the link to the VOD?

Description

Time

  • Played on: June 6, 2020, 4:48 a.m.
  • Length: 8:18
Show
View Real Time Build Order
Export as new Build Order

Massa Terran - Winner!

Build Orders:  

Get SALT Encoding   

  12  0:14  SCV, Supply Depot  
  13  0:28  SCV  
  14  0:40  SCV  
  15  0:52  SCV  
  16  0:57  Barracks  
  16  1:10  SCV  
  17  1:15  Refinery  
  17  1:22  SCV  
  18  1:32  Barracks  
  18  1:46  SCV  
  19  1:53  Marine  
  20  1:58  SCV  
  20  1:59  Barracks  
  21  2:10  SCV, Marine  
  21  2:12  Barracks  
  23  2:27  Supply Depot  
  23  2:30  Supply Depot  
  23  2:48  Marine x2  
  23  2:49  SCV  
  26  2:53  Factory, Marine  
  27  3:01  SCV  
  28  3:09  Marine  
  29  3:27  Marine  
  28  3:39  Bunker  
  28  3:44  Factory Tech Lab  
  28  3:45  Marine x3  
  28  3:46  Marine  
  32  3:56  Supply Depot  
  32  4:03  Marine  
  32  4:04  Siege Tank  
  36  4:12  Marine  
  37  4:25  Marine x3  
  37  4:30  Marine  
  41  4:43  Marine x2  
  43  5:12  Command Center  
  43  5:24  Factory  
  43  5:26  Marine  
  44  5:42  Engineering Bay  
  44  5:44  Marine  
  42  6:02  Marine  
  37  7:17  SCV  
  33  7:28  Marine x3  
Show
View Real Time Build Order
Export as new Build Order

qqq Protoss - Winner!

Build Orders:  

Get SALT Encoding   

  12  0:01  Probe  
  13  0:14  Pylon  
  13  0:19  Probe  
  14  0:33  Forge  
  14  0:41  Pylon  
  14  1:04  Pylon  
  14  1:10  Photon Cannon  
  14  1:23  Photon Cannon  
  14  1:41  Pylon  
  14  1:50  Probe  
  14  1:53  Gateway  
  15  2:05  Photon Cannon  
  15  2:10  Probe  
  16  2:30  Gateway  
  16  2:42  Zealot  
  18  2:51  Assimilator  
  18  3:04  Pylon  
  18  3:09  Zealot  
  20  3:17  Cybernetics Core  
  20  3:20  Zealot  
  22  3:35  Photon Cannon  
  22  3:36  Zealot  
  22  3:57  Zealot  
  24  4:03  Zealot  
  24  4:06  Pylon  
  26  4:22  Twilight Council  
  26  4:30  Probe  
  27  4:42  Probe  
  28  4:54  Probe  
  28  4:57  Photon Cannon  
  29  5:03  Photon Cannon  
  27  5:27  Charge  
  27  5:28  Probe  
  30  5:40  Probe  
  30  5:41  Photon Cannon  
  31  5:54  Stalker  
  31  5:55  Stalker  
  33  6:08  Pylon  
  33  6:24  Stalker  
  33  6:25  Stalker  
  37  6:27  Photon Cannon  
  31  7:02  Stalker x2  
  29  7:32  Stalker x2  
  29  7:45  Nexus  
  33  8:11  Photon Cannon  
  33  8:15  Photon Cannon  
Show
View Real Time Build Order
Export as new Build Order

HalfAuster Protoss 

Build Orders:  

Get SALT Encoding   

  12  0:05  Probe (Chrono Boost)  
  13  0:17  Pylon  
  13  0:18  Probe (Chrono Boost)  
  14  0:46  Probe  
  15  1:00  Assimilator  
  15  1:09  Pylon  
  15  1:10  Probe (Chrono Boost)  
  16  1:23  Probe (Chrono Boost)  
  17  1:35  Gateway  
  16  1:42  Nexus  
  16  1:44  Probe  
  17  1:51  Assimilator  
  17  1:58  Forge  
  17  2:06  Pylon  
  17  2:13  Probe (Chrono Boost)  
  19  2:23  Probe (Chrono Boost)  
  19  2:26  Assimilator  
  19  2:35  Cybernetics Core  
  19  2:38  Zealot  
  21  2:52  Assimilator  
  21  2:55  Probe (Chrono Boost)  
  22  3:04  Probe (Chrono Boost)  
  23  3:09  Probe (Chrono Boost)  
  24  3:17  Photon Cannon  
  24  3:21  Stalker  
  26  3:31  Photon Cannon  
  24  3:44  Photon Cannon  
  23  3:56  Probe  
  24  4:08  Probe  
  25  4:10  Cybernetics Core  
  25  4:21  Probe  
  23  4:32  Photon Cannon  
  22  4:43  Assimilator  
  22  5:02  Stalker  
  20  6:00  Stalker  
  20  6:11  Nexus  
  20  6:27  Pylon  
  20  7:01  Assimilator  
Show
View Real Time Build Order
Export as new Build Order

Orcoz Protoss 

Build Orders:  

Get SALT Encoding   

  12  0:01  Probe  
  13  0:13  Probe  
  14  0:25  Probe  
  15  0:42  Pylon  
  15  1:02  Gateway  
  15  1:10  Pylon  
  15  1:23  Probe  
  16  1:49  Nexus, Cybernetics Core  
  16  1:52  Probe, Assimilator  
  17  1:57  Assimilator  
  17  2:22  Probe  
  18  2:26  Assimilator  
  18  2:33  Pylon  
  18  2:34  Probe  
  19  2:39  Warp Gate (Chrono Boost)  
  19  2:48  Probe  
  20  2:59  Gateway  
  20  3:01  Gateway  
  20  3:02  Probe  
  20  3:04  Probe  
  22  3:22  Stargate  
  22  3:34  Probe x2  
  24  3:49  Probe x2  
  24  3:51  Assimilator  
  26  4:01  Probe  
  26  4:02  Probe  
  28  4:05  Void Ray (Chrono Boost)  
  32  4:13  Assimilator  
  32  4:15  Probe x2  
  34  4:28  Probe x2  
  36  4:31  Stalker x2  
  36  4:37  Gateway  
  40  4:51  Void Ray (Chrono Boost)  
  27  5:08  Shield Battery  
  27  5:12  Stalker  
  28  6:10  Stalker  
  30  6:23  Probe, Pylon  
  31  6:39  Pylon  
  31  6:57  Probe  
  35  7:15  Probe  
  23  7:23  Pylon  
Tags
 
Add a new tag
Caveats
  • Supply blocks, unpowered buildings, or Contaminate may cause inaccurate times.
  • Supply counts are checked every 10 seconds.